 Dungeon Crawl Stone Soup version 0.29.1-15-g9cfb28693d (webtiles) character file.

Game seed: 7126660222360928461

1583 BuddhaDhamma the Cleaver (level 8, -1/64 HPs)
             Began as a Minotaur Berserker on Mar 18, 2023.
             Was a Priest of Trog.
             Slain by an orc warrior
             ... wielding a +0 halberd
              (11 damage)
             ... on level 5 of the Dungeon.
             The game lasted 00:07:43 (4513 turns).

BuddhaDhamma the Cleaver (Minotaur Berserker)       Turns: 4513, Time: 00:07:43

Health: -1/64      AC: 13    Str: 29    XL:     8   Next: 60%
Magic:  7/7        EV:  8    Int:  4    God:    Trog [***...]
Gold:   414        SH:  0    Dex: 11    Spells: 7/7 levels left

rFire   . . .      SeeInvis .   c - +4 executioner's axe (freeze)
rCold   . . .      Faith    .   (shield currently unavailable)
rNeg    . . .      Spirit   .   r - +0 plate armour
rPois   .          Reflect  .   l - +1 hat
rElec   .          Harm     .   e - +0 cloak
rCorr   .          Rampage  .   (no gloves)
Will    .....                   (no boots)
Stlth   ..........              (no amulet)
HPRegen 0.20/turn               p - +6 ring of strength
MPRegen 0.10/turn               (no ring)

@: lethally poisoned (-1 -> -4), on berserk cooldown, slowed, very slow
A: horns 2, retaliatory headbutt
a: Renounce Religion, Berserk, Trog's Hand


You were on level 5 of the Dungeon.
You worshipped Trog.
Trog was most pleased with you.
You visited 1 branch of the dungeon, and saw 5 of its levels.

You collected 414 gold pieces.

Inventory:

Hand Weapons
 c - a +4 executioner's axe of freezing (weapon)
Missiles
 i - 5 silver boomerangs (quivered)
Armour
 e - a +0 cloak (worn)
 l - a +1 hat (worn)
 r - a +0 plate armour (worn)
Jewellery
 p - a +6 ring of strength (left hand)
Wands
 m - a wand of charming (4)
Scrolls
 d - a scroll of vulnerability {unknown}
 h - a scroll of silence {unknown}
 j - 2 scrolls of blinking
 o - a scroll of acquirement
 q - a scroll of teleportation
Potions
 a - a potion of lignification {unknown}
 b - 2 potions of heal wounds
 f - 3 potions of haste
 g - 4 potions of invisibility
 k - a potion of resistance {unknown}
 n - 2 potions of degeneration {unknown}
 s - a potion of curing {unknown}
 u - a potion of attraction {unknown}
 w - 6 potions of flight
 x - a potion of cancellation {unknown}


   Skills:
 - Level 3.6 Fighting
 + Level 13.3 Axes
 - Level 2.4 Armour
 - Level 2.1 Dodging


You had 7 spell levels left.
You didn't know any spells.
Your spell library was empty.

Dungeon Overview and Level Annotations

Branches:
Dungeon (5/15)
 Temple: D:4-7

Altars:


Innate Abilities, Weirdness & Mutations

You have a pair of horns on your head.
You reflexively headbutt those who attack you in melee.


Message History

Trog accepts your kill. The orc completely misses you.
Mune's ghost hits you but does no damage.
The orc warrior barely misses you.
There is an open translucent gate here.
You feel your anger nearly subside.
The orc hits you with the +7 dagger of Generosity {venom, Will++ Dex-2}.
You are poisoned.
Mune's ghost barely misses you. You furiously retaliate!
You headbutt Mune's ghost!
The orc priest invokes the aid of Beogh against you.
Beogh smites you!
The orc warrior hits you from afar with a +0 halberd!
Things that are here:
a +0 whip; an orc corpse You slice Mune's ghost!!
You freeze Mune's ghost.
You destroy Mune's ghost!
Trog accepts your kill.
Trog appreciates your killing of a magic user.
You slice the orc!! You freeze the orc.
You kill the orc!
Trog accepts your kill.
You slash the orc! You freeze the orc.
You kill the orc!
Trog accepts your kill.
You feel sick.
Your Axes skill increases to level 13!
You are no longer berserk.
You are exhausted.
You feel yourself slow down.
You feel sick.
The orc priest invokes the aid of Beogh against you.
Beogh smites you!
The orc warrior hits you with a +0 halberd!
* * * LOW HITPOINT WARNING * * *
You barely miss the orc warrior.
You feel very sick.
The orc priest calls down the wrath of Beogh upon you.
You struggle to resist.
The orc warrior hits you with a +0 halberd!
You die...

#...#.8########........##
##.....#.....8#######....
###...#..##..#..##.#..#.
#...#..#8..#.....#..#.
#...#oo##..#..##......
#...#.#....#.######..)
#...).#...[#.###...>..
#...))#.8._#..##.....#
##..'@#...[#..##.....#
#..#o#....#.###.>#...
#..#oo##..#..#...#..#
#..#..#8..#........##
#..#..##..##.......##
#..#.... 8##...#...##
#.8########..####....
#### ###...### ##.#.
#.....# #..##


You could see an orc warrior, 2 orc priests and 2 orcs.

Vanquished Creatures
  Pikel (D:4)
  The ghost of Mune the Thaumaturge, a novice DEVM (D:5)
  Menkaure (D:5)
  2 necrophages
  5 scorpions
  2 hounds
  An orc priest (D:5)
  Ijyb (D:3)
  3 iguanas (D:5)
  2 orc wizards (D:5)
  6 adders
  A worm (D:3)
  5 dart slugs
  8 orcs
  5 bats
  11 endoplasms
  3 giant cockroaches
  9 goblins
  8 hobgoblins
  7 kobolds
  8 quokkas
  7 ball pythons
  A frilled lizard (D:1)
  5 rats
103 creatures vanquished.

Notes
Turn   | Place    | Note
-------+----------+-------------------------------------------
     0 | D:1      | BuddhaDhamma the Minotaur Berserker began the quest for the
                  | Orb.
     0 | D:1      | Reached XP level 1. HP: 19/19 MP: 0/0
    86 | D:1      | Found a faded altar of an unknown god.
   188 | D:1      | Reached skill level 4 in Axes
   266 | D:1      | Reached XP level 2. HP: 20/25 MP: 1/1
   569 | D:1      | Reached skill level 5 in Axes
   583 | D:1      | Reached ** piety under Trog
   584 | D:1      | Reached XP level 3. HP: 17/31 MP: 2/2
  1790 | D:3      | Noticed Ijyb
  1810 | D:3      | Killed Ijyb
  1811 | D:3      | Reached skill level 6 in Axes
  1811 | D:3      | Reached XP level 4. HP: 22/39 MP: 3/3
  2919 | D:4      | Noticed a scorpion
  2920 | D:4      | Noticed a necrophage
  2924 | D:4      | Killed a necrophage
  2925 | D:4      | Reached skill level 7 in Axes
  2925 | D:4      | Reached XP level 5. HP: 45/45 MP: 4/4
  2926 | D:4      | Reached skill level 8 in Axes
  2958 | D:4      | Reached XP level 6. HP: 51/51 MP: 5/5
  3406 | D:4      | Noticed Pikel
  3420 | D:4      | Killed Pikel
  3421 | D:4      | Reached skill level 10 in Axes
  3421 | D:4      | Reached XP level 7. HP: 57/57 MP: 6/6
  3610 | D:5      | Entered Level 5 of the Dungeon
  3640 | D:4      | Reached skill level 11 in Axes
  3710 | D:4      | Identified a scroll of acquirement
  3710 | D:4      | Acquired a +2 executioner's axe of freezing
  3754 | D:5      | Reached XP level 8. HP: 64/64 MP: 7/7
  3936 | D:5      | Noticed Menkaure
  3940 | D:5      | Killed Menkaure
  3941 | D:5      | Reached skill level 12 in Axes
  4393 | D:5      | Found a runed translucent gate.
  4394 | D:5      | Found a runed translucent gate.
  4395 | D:5      | Found a runed translucent gate.
  4395 | D:5      | Identified the +7 dagger of Generosity {venom, Will++
                  | Dex-2}
  4395 | D:5      | Identified the +4 leather armour of the Big Bang {rElec
                  | rPois SInv}
  4396 | D:5      | Noticed Mune's ghost (novice DEVM)
  4511 | D:5      | Killed Mune's ghost
  4511 | D:5      | Reached *** piety under Trog
  4512 | D:5      | Reached skill level 13 in Axes
  4513 | D:5      | Slain by an orc warrior

Illustrated notes

Levels and vault maps discovered:
D:1:      dpeg_arrival_rooms_with_view, layout_rooms,
          ebering_ecumenical_altar_petrified
D:2:      layout_basic
D:3:      layout_loops_ring, minmay_goblin_kobold_house, uniq_ijyb
D:4:      minmay_opposing_rooms, layout_loops_ring,
          nicolae_figureground_sparkle, uniq_pikel
D:5:      layout_cave_pools, biasface_ghost_orc_armoury, uniq_menkaure

Skill      XL: |  1  2  3  4  5  6  7  8 |
---------------+-------------------------+-----
Axes           | 4 5 6 7 8 10 11 13 | 13.3
Fighting       | |  3.6
Armour         | |  2.4
Dodging        | |  2.1

Action                   |  1- 3 |  4- 6 |  7- 9 || total
-------------------------+-------+-------+-------++-------
Melee: Hand axe          |    95 |    75 |    14 ||   184
       Headbutt          |    12 |    10 |     8 ||    30
       Punch             |     2 |       |       ||     2
       Executioner's axe |       |       |    24 ||    24
Throw: Boomerang         |     5 |     1 |       ||     6
Invok: Berserk           |     1 |     2 |     2 ||     5
  Use: Scroll            |       |       |    15 ||    15
Armor: Ring mail         |    26 |       |       ||    26
       Chain mail        |     7 |     3 |       ||    10
       Plate armour      |       |    26 |    33 ||    59
Dodge: Dodged            |    43 |    28 |    22 ||    93
